 Seeded DCSS version 0.30-a0-311-gf115ab0292 (webtiles) character file.

Game seed: 17154086409001468666 (custom seed)

7077 valliere the Covert (level 10, -3/75 HPs)
             Began as a Demonspawn Enchanter on Oct 24, 2022.
             Was a Believer of Dithmenos.
             Slain by a two-headed ogre
             ... wielding a +0 giant club
              (13 damage)
             ... on level 10 of the Dungeon on Oct 25, 2022.
             The game lasted 00:32:56 (8855 turns).

valliere the Covert (Demonspawn Enchanter)          Turns: 8855, Time: 00:32:58

Health: -3/75      AC: 11    Str:  9    XL:     10   Next: 84%
Magic:  13/13      EV: 17    Int: 17    God:    Dithmenos [**....]
Gold:   711        SH:  0    Dex: 27    Spells: 2/13 levels left

rFire   + . .      SeeInvis .    R - +5 scimitar
rCold   + + +      Faith    .    (no shield)
rNeg    . . .      Spirit   .    G - +2 robe {rC+ rF+}
rPois   +          Reflect  .    s - +2 hat
rElec   .          Harm     .    U - +0 cloak
rCorr   +          Rampage  .    n - +0 pair of gloves
Will    .....                    r - +1 pair of boots
Stlth   ++++++++..               t - amulet of regeneration
HPRegen 1.12/turn                q - ring of resist corrosion
MPRegen 0.13/turn                J - ring "Puleacir" {Wiz rPois rC++ Will- Dex+6}

@: wreathed by umbra
A: thin skeletal structure 2, spiny 1, demonic magic 2, weakness stinger 1
a: Renounce Religion, Shadow Step


You were on level 10 of the Dungeon.
You worshipped Dithmenos.
Dithmenos was pleased with you.
You visited 2 branches of the dungeon, and saw 11 of its levels.
You also visited: Ossuary.

You collected 711 gold pieces.

Inventory:

Hand Weapons
 a - a +1 dagger of freezing
 z - a +2 short sword of protection
 R - a +5 scimitar (weapon)
 S - a +2 falchion of venom
Missiles
 h - 17 poisoned darts (quivered)
 u - 14 boomerangs
Armour
 n - a +0 pair of gloves (worn)
 r - a +1 pair of boots (worn)
 s - a +2 hat (worn)
 y - a +0 ring mail
 G - a +2 robe of resistance (worn)
 T - +0 steam dragon scales
 U - a +0 cloak (worn)
Jewellery
 q - a ring of resist corrosion (left hand)
 t - an amulet of regeneration (around neck)
 D - a ring of protection from cold
 J - the ring "Puleacir" (right hand) {Wiz rPois rC++ Will- Dex+6}
   (You found it on level 7 of the Dungeon)

   [ring of wizardry]

   It improves your spell success rate.
   Dex:       It affects your dexterity (+6).
   rC:        It greatly protects you from cold.
   rPois:     It protects you from poison.
   Will:      It decreases your willpower.
 K - a ring of wizardry
Wands
 o - a wand of charming (23)
 B - a wand of flame (26)
 V - a wand of quicksilver (7)
Scrolls
 b - 4 scrolls of magic mapping {unknown}
 c - 2 scrolls of acquirement {unknown}
 j - a scroll of vulnerability
 l - a scroll of enchant weapon {unknown}
 m - 6 scrolls of teleportation
 w - 2 scrolls of summoning
 x - 2 scrolls of immolation
 A - a scroll of butterflies
 H - 2 scrolls of brand weapon
 L - a scroll of noise {unknown}
 M - a scroll of torment {unknown}
 N - a scroll of blinking {unknown}
 O - 4 scrolls of identify
Potions
 d - 5 potions of might {unknown}
 e - 3 potions of degeneration {unknown}
 f - 3 potions of resistance
 g - 4 potions of attraction
 i - 4 potions of lignification {unknown}
 k - a potion of berserk rage {unknown}
 p - a potion of cancellation {unknown}
 v - 5 potions of curing {unknown}
 C - 2 potions of mutation {unknown}
 E - 3 potions of ambrosia
 I - a potion of magic {unknown}
 P - 3 potions of haste {unknown}
 Q - 3 potions of heal wounds
Miscellaneous
 F - a piece from Xom's chessboard (15/15)


   Skills:
 + Level 5.6 Fighting
 * Level 7.8(8.1) Short Blades
 + Level 2.7(5.7) Long Blades
 + Level 4.7 Armour
 + Level 5.6 Dodging
 + Level 8.6 Stealth
 - Level 2.0 Spellcasting
 + Level 6.6 Hexes


You had 2 spell levels left.
You knew the following spells:

 Your Spells              Type           Power      Damage    Failure   Level
a - Ensorcelled Hibernat  Hex/Ice        24%        N/A       3%          2
b - Confusing Touch       Hex            24%        N/A       1%          3
c - Dazzling Flash        Conj/Hex       24%        N/A       6%          3
d - Gell's Gravitas       Tloc           1%         N/A       22%         3

Your spell library contained the following spells:

 Spells                   Type           Power      Damage    Failure   Level
 Shock                    Conj/Air       4%         1d3       8%          1
 Scorch                   Fire           2%         2d5       12%         2
 Tukima's Dance           Hex            24%        N/A       1%          3
 Lesser Beckoning         Tloc           2%         N/A       22%         3
 Swiftness                Air            1%         N/A       22%         3
 Teleport Other           Tloc           1%         N/A       22%         3
 Airstrike                Air            0%         2d(1-17)  56%         4
 Flame Wave               Conj/Fire      1%         2d4       56%         4
 Summon Cactus Giant      Summ           0%         N/A       100%        6


Dungeon Overview and Level Annotations

Branches:
Dungeon (10/15)            Temple (1/1) D:5             Orc (0/2) D:9
Ossuary (visited)
   Lair: D:8-11

Altars:
Cheibriados
Dithmenos
Fedhas
Gozag
Hepliaklqana
Kikubaaqudgha
Makhleb
Nemelex Xobeh
Okawaru
Qazlal
Ru
Sif Muna
Trog
Uskayaw
Vehumet
Wu Jian
Xom
Yredelemnul

Shops:
D:1 [


Innate Abilities, Weirdness & Mutations

You have a moderately thin skeletal structure. (Dex +4, Stealth++)
You are partially covered in sharp spines.
Spells you cast may paralyse nearby enemies.
You have a small tail.


Message History

The yak misses you.
You slice the yak!! You tail-slap the yak.
The yak is severely wounded.
The yak is struck by your spines. The yak misses you.
You hit the yak.
You tail-slap the yak, but do no damage.
The yak is almost dead.
The yak is struck by your spines.
You kill the yak!
Dithmenos accepts your kill.
You closely miss the troll.
The troll is lightly wounded.
The troll completely misses you. The troll claws you. x2
The troll is struck by your spines. The troll completely misses you.
The troll barely misses you. The troll claws you.
You are too injured to fight recklessly!
You are too injured to fight recklessly!
You are too injured to fight recklessly!
You slash the troll!
The troll is moderately wounded.
The troll is struck by your spines. The troll completely misses you.
The troll claws you but does no damage. The troll closely misses you.
You hit the troll.
The troll is heavily wounded.
The troll closely misses you. The troll misses you.
The troll closely misses you.
You slash the troll!
The troll is almost dead.
The troll bites you! The troll misses you. x2
You slash the troll!
You kill the troll!
Dithmenos accepts your kill. Something hits you but does no damage.
You barely miss the two-headed ogre.
Your tail-slap misses the two-headed ogre.
The two-headed ogre is struck by your spines.
The two-headed ogre hits you with a +0 giant club!
* * * LOW HITPOINT WARNING * * *
The two-headed ogre hits you with a +0 giant spiked club!
You die...

......#..##...# #.......#
#.. ###...#..##...#
#.......# #.. #
#...#..##...# #.......#
#.. # #...#..##...#
#.......# #.. #
#...#..##...# ###.......#
#.. #
#...#..##...###.........#
#.. #
#...........##..#.......#
#.. #
#...##.....#.....#......#
#.. #
#...##..######@######...#
#.. # #...##.## #O#
##..#####.. # #...####
#.{Y# ##........ ###...#
#.....# #........ ......#
#..8.8..# ##.####..
####..# #.........# #.#
#.. # #..# #.......$.#
#.# #.. # #..#
#..8...8..# #.# #.. #
#..## #.........# #.# #..


You could see a two-headed ogre and a yak.

Vanquished Creatures
  Pikel (D:5)
  2 trolls (D:10)
  2 hornets
  Grinder (D:3)
  Sigmund (D:4)
  3 wyverns
  A yak (D:10)
  Grum (D:9)
  A steam dragon (D:9)
  Menkaure (D:5)
  4 water moccasins
  An acid dragon (D:10)
  An ice beast (D:7)
  2 orc warriors (D:9)
  2 black bears
  3 wolves (D:9)
  4 centaurs
  An ogre (D:5)
  2 lemures (D:5)
  A phantom (D:6)
  2 kobold brigands
  7 bullfrogs
  6 scorpions
  8 wights
  5 killer bees (D:9)
  An electric eel (D:9)
  6 howler monkeys
  3 hounds
  2 orc priests
  Natasha (thrice) (D:4)
  5 iguanas
  6 orc wizards
  Ijyb (D:5)
  2 mummies
  7 gnolls (D:5)
  11 adders
  A shadow imp (D:7)
  6 white imps
  A howler monkey simulacrum (D:9)
  An ufetubus (D:5)
  6 worms
  A dart slug (D:1)
  29 orcs
  A spectral bat (Ossuary)
  5 ball pythons
  9 endoplasms
  A giant cockroach (D:1)
  12 gnoll zombies (Ossuary)
  A goblin (D:2)
  10 hobgoblins
  5 jackals (D:1)
  10 kobolds
  4 quokkas (D:1)
  10 bats
  A bat simulacrum (Ossuary)
  4 frilled lizards
  A goblin simulacrum (Ossuary)
  8 goblin zombies
  4 hobgoblin zombies (Ossuary)
  3 kobold simulacra (Ossuary)
  4 kobold zombies
  4 orc zombies (Ossuary)
  5 rats
  A rat simulacrum (Ossuary)
  4 spectral goblins (Ossuary)
  A spectral kobold (Ossuary)
  A spectral rat (Ossuary)
264 creatures vanquished.

Notes
Turn   | Place    | Note
-------+----------+-------------------------------------------
     0 | D:1      | valliere the Demonspawn Enchanter began the quest for the
                  | Orb.
     0 | D:1      | Reached XP level 1. HP: 13/13 MP: 3/3
    17 | D:1      | Reached skill level 1 in Short Blades
    27 | D:1      | Found a faded altar of an unknown god.
    47 | D:1      | Found Vikkeff's Antique Armour Boutique.
   106 | D:1      | Gained mutation: You have a somewhat thin skeletal
                  | structure. (Dex +2, Stealth+) [demonic ancestry]
   106 | D:1      | Reached XP level 2. HP: 15/20 MP: 5/5
   218 | D:1      | HP: 1/20 [quokka (4)]
   223 | D:1      | HP: 1/20 [quokka (1)]
   322 | D:1      | Reached skill level 3 in Stealth
   699 | D:1      | Gained mutation: You have a small tail. [demonic ancestry]
   699 | D:1      | Reached XP level 3. HP: 22/25 MP: 6/6
  1056 | D:2      | Reached skill level 1 in Fighting
  1363 | D:2      | Gained mutation: You have a moderately thin skeletal
                  | structure. (Dex +4, Stealth++) [demonic ancestry]
  1363 | D:2      | Reached XP level 4. HP: 32/32 MP: 7/7
  1716 | D:2      | Learned a level 2 spell: Ensorcelled Hibernation
  2055 | D:3      | Gained mutation: You are partially covered in sharp spines.
                  | [demonic ancestry]
  2055 | D:3      | Reached XP level 5. HP: 17/37 MP: 8/8
  2078 | D:3      | HP: 1/37 [something (2)]
  2194 | D:3      | Noticed Grinder
  2212 | D:3      | Paralysed by Grinder for 2 turns
  2220 | D:3      | Killed Grinder
  2221 | D:3      | Reached skill level 4 in Stealth
  2221 | D:3      | Gained mutation: Spells you cast may paralyse adjacent
                  | enemies. [demonic ancestry]
  2221 | D:3      | Reached XP level 6. HP: 44/44 MP: 9/9
  2868 | D:4      | Noticed Natasha
  2876 | D:4      | Killed Natasha
  3062 | D:4      | Learned a level 3 spell: Confusing Touch
  3083 | D:4      | Reached XP level 7. HP: 46/49 MP: 8/10
  3345 | D:4      | Noticed Natasha
  3361 | D:4      | Killed Natasha
  3672 | D:4      | Noticed Sigmund
  3683 | D:4      | Killed Sigmund
  3684 | D:4      | Reached skill level 1 in Armour
  3684 | D:4      | Reached skill level 5 in Stealth
  3941 | D:4      | Noticed Natasha
  3945 | D:4      | Killed Natasha
  4032 | D:5      | Entered Level 5 of the Dungeon
  4082 | D:5      | Noticed Menkaure
  4087 | D:5      | Killed Menkaure
  4088 | D:5      | Reached XP level 8. HP: 58/58 MP: 11/11
  4110 | D:5      | Found a staircase to the Ecumenical Temple.
  4122 | Temple   | Entered the Ecumenical Temple
  4372 | D:5      | Found a stormy altar of Qazlal.
  4593 | D:5      | Reached skill level 6 in Stealth
  4654 | D:5      | Reached skill level 5 in Short Blades
  4675 | D:5      | Noticed Ijyb
  4705 | D:5      | Killed Ijyb
  4958 | D:5      | Upgraded the game from 0.30-a0-310-g7d6cbdfea6 to
                  | 0.30-a0-311-gf115ab0292
  5176 | D:5      | Noticed Pikel
  5213 | D:5      | Killed Pikel
  5214 | D:5      | Reached skill level 5 in Hexes
  5214 | D:5      | Reached XP level 9. HP: 41/65 MP: 12/12
  5669 | D:6      | Reached skill level 7 in Stealth
  6181 | D:7      | Identified the ring "Puleacir" {Wiz rPois rC++ Will- Dex+6}
  6238 | D:7      | Found a sand-covered staircase.
  6243 | Ossuary  | Entered an ossuary
  6655 | D:7      | Found a shimmering altar of Xom.
  6774 | D:7      | Found a hazy altar of Hepliaklqana.
  6776 | D:7      | Found a shadowy altar of Dithmenos.
  6783 | D:7      | Identified the +7 mace "Cyintes" {holy, Str+2 Int+7}
  6787 | D:7      | Became a worshipper of Dithmenos the Shadowed
  6990 | D:7      | Found a snail-covered altar of Cheibriados.
  7148 | D:8      | Reached skill level 1 in Long Blades
  7171 | D:8      | Gained mutation: Spells you cast may paralyse nearby
                  | enemies. [demonic ancestry]
  7171 | D:8      | Reached XP level 10. HP: 72/73 MP: 13/13
  7215 | D:8      | Reached skill level 5 in Dodging
  7306 | D:8      | Reached skill level 8 in Stealth
  7448 | D:9      | Reached * piety under Dithmenos
  7545 | D:9      | Reached skill level 5 in Fighting
  7678 | D:9      | Found a staircase to the Orcish Mines.
  8249 | D:9      | Noticed Grum
  8257 | D:9      | Killed Grum
  8337 | D:10     | Entered Level 10 of the Dungeon
  8354 | D:10     | Found an ancient bone altar of Kikubaaqudgha.
  8415 | D:10     | Reached ** piety under Dithmenos
  8420 | D:10     | Learned a level 3 spell: Dazzling Flash
  8424 | D:10     | Learned a level 3 spell: Gell's Gravitas
  8611 | D:10     | Found a shimmering blue altar of Sif Muna.
  8838 | D:10     | Noticed a two-headed ogre
  8855 | D:10     | Slain by a two-headed ogre

Illustrated notes

Levels and vault maps discovered:
D:1:      saegor_arrival_simple_a, layout_basic, serial_shops,
          nicolae_lakefront_shop, ebering_ecumenical_altar_abandoned,
          minmay_pentomino_u4
D:2:      layout_loops_ring, dk_noncrumbling_2, reono_crystal_passage
D:3:      layout_basic, uniq_grinder
D:4:      layout_cave_pods, uniq_natasha, uniq_sigmund
D:5:      layout_loops_corners, nicolae_qazlal_general_emergency,
          minmay_temple_entry_arrows, hellmonk_bongcloud_opening,
          corexii_leaking_fountain, grunt_decor_fettered, grunt_ministairs_13,
          uniq_ijyb, uniq_menkaure, uniq_pikel
D:6:      layout_basic
D:7:      layout_rooms, cheibrodos_worm_habitat, mainiacjoe_overflow_alcove_2,
          riverfiend_overflow_shadow_ancestor, nicolae_ossuary_entry_giza
D:8:      layout_rooms
D:9:      layout_loops_corners, orc_0_dummy, serial_ice, serial_ice_m,
          serial_ice_j, serial_ice_d, serial_ice_e, uniq_grum
D:10:     kennysheep_ambush_hall, layout_long_grid, overflow_temple_1_default,
          mainiacjoe_overflow_chevrons, ashenzari_altar_1
Temple:   nicolae_temple_two_arcs

Skill      XL: |  1  2  3  4  5  6  7  8  9 10 |
---------------+-------------------------------+-----
Short Blades   | 1 2 3 4 5 6 7 |  7.8
Stealth        | 3 4 5 6 7 8 |  8.6
Dodging        | 2 3 4 5 |  5.6
Fighting       | 1 2 3 4 5 |  5.6
Hexes          | 4 5 6 |  6.6
Armour         | 1 2 3 4 |  4.7
Long Blades    | 1 2 |  2.7
Spellcasting   | |  2.0

Action                   |  1- 3 |  4- 6 |  7- 9 | 10-12 || total
-------------------------+-------+-------+-------+-------++-------
Melee: Dagger            |   137 |   173 |   208 |       ||   518
       Punch             |     1 |     3 |     6 |     2 ||    12
       Tailslap          |     4 |    27 |    54 |    13 ||    98
       Short sword       |       |       |   149 |       ||   149
       Scimitar          |       |       |    18 |   115 ||   133
Throw: Dart              |     3 |     1 |     2 |       ||     6
 Cast: Ensorcelled Hiber |       |     3 |     7 |       ||    10
       Confusing Touch   |       |     1 |       |       ||     1
  Use: Potion            |     3 |     2 |       |       ||     5
       Scroll            |     1 |     6 |     3 |       ||    10
 Stab: Sleeping          |    13 |    13 |    49 |     9 ||    84
       Invisible         |     1 |     2 |       |       ||     3
       Paralysed         |       |       |     3 |       ||     3
       Distracted        |       |       |     1 |     1 ||     2
Armor: Robe              |    23 |    22 |    64 |    30 ||   139
       Ring mail         |       |     3 |     9 |       ||    12
       Leather armour    |       |       |    24 |       ||    24
Dodge: Dodged            |    79 |    66 |   184 |   131 ||   460

Table legend: (Time is in decaauts)
 A = Elapsed time spent in this place.
 B = Non-inter-level travel time spent in this place.
 C = Inter-level travel time spent in this place.
 D = Time resting spent in this place.
 E = Time spent auto-exploring this place.
 F = Levels seen in this place.
 G = Mean time per level.
                   A        B        C        D        E       F      G
               +--------+--------+--------+--------+--------+-----+--------+
         Total |   8759 |   8454 |    305 |    119 |   6272 |  12 |  729.9 |
       Dungeon |   8378 |   8080 |    298 |    119 |   6052 |  10 |  837.8 |
        Temple |    146 |    139 |      7 |      0 |    102 |   1 |  146.0 |
       Ossuary |    233 |    233 |      0 |      0 |    118 |   1 |  233.0 |
               +--------+--------+--------+--------+--------+-----+--------+

Top non-repeatable levels by time:
     D:5: 1233 daAuts
     D:4: 1210 daAuts
     D:1: 1023 daAuts
     D:3: 930 daAuts
     D:9: 926 daAuts
     D:2: 833 daAuts
     D:6: 707 daAuts
     D:7: 598 daAuts
    D:10: 522 daAuts
     D:8: 392 daAuts
 Ossuary: 233 daAuts
  Temple: 146 daAuts
